 Dungeon Crawl Stone Soup version 0.29.1-15-g9cfb28693d (webtiles) character file.

Game seed: 11731327633403357014

25656 LLlMATKO the Fighter (level 12, 0/115 HPs)
             Began as a Minotaur Berserker on Apr 25, 2023.
             Was a High Priest of Trog.
             Shot with an arrow by Nessos (18 damage)
             ... on level 3 of the Lair of Beasts.
             The game lasted 00:17:17 (14039 turns).

LLlMATKO the Fighter (Minotaur Berserker)          Turns: 14039, Time: 00:17:17

Health: 0/115      AC: 24    Str: 24    XL:     12   Next: 91%
Magic:  11/11      EV: 16    Int:  4    God:    Trog [*****.]
Gold:   691        SH:  0    Dex: 13    Spells: 11/11 levels left

rFire   . . .      SeeInvis +   a - +0 battleaxe (venom)
rCold   . . .      Faith    .   (shield currently unavailable)
rNeg    . . .      Spirit   .   Q - +0 plate armour
rPois   .          Reflect  .   V - +1 hat
rElec   .          Harm     .   O - +2 cloak {rCorr}
rCorr   +          Rampage  .   (no gloves)
Will    .....                   U - +2 pair of boots
Stlth   ..........              u - amulet of regeneration
HPRegen 1.09/turn               L - ring of see invisible
MPRegen 0.12/turn               I - +4 ring of evasion

@: on berserk cooldown, slowed, very slow
A: horns 2, retaliatory headbutt
a: Renounce Religion, Berserk, Trog's Hand, Brothers in Arms


You were on level 3 of the Lair of Beasts.
You worshipped Trog.
Trog was extremely pleased with you.
You visited 2 branches of the dungeon, and saw 14 of its levels.
You also visited: Sewer and Ossuary.

You collected 971 gold pieces.
You spent 280 gold pieces at shops.

Inventory:

Hand Weapons
 a - a +0 battleaxe of venom (weapon)
 J - a +0 war axe
 P - a +0 vorpal hand axe
 W - a +2 broad axe of freezing
Missiles
 b - 93 stones (quivered)
 t - 8 javelins
 A - 9 boomerangs
 C - 40 poisoned darts
 D - a curare-tipped dart
Armour
 O - a +2 cloak of preservation (worn)
 Q - a +0 plate armour (worn)
 U - a +2 pair of boots (worn)
 V - a +1 hat (worn)
Jewellery
 d - a +4 ring of protection
 i - a ring of resist corrosion
 u - an amulet of regeneration (around neck)
 I - a +4 ring of evasion (right hand)
 L - a ring of see invisible (left hand)
 X - a +6 ring of intelligence
Wands
 x - a wand of iceblast (13)
 F - a wand of flame (15)
 H - a wand of mindburst (10)
 M - a wand of paralysis (7)
 N - a wand of quicksilver (4)
 Y - a wand of polymorph (10)
Scrolls
 e - 7 scrolls of teleportation
 f - a scroll of poison
 k - 4 scrolls of noise
 l - 2 scrolls of enchant weapon
 r - 3 scrolls of blinking
 w - 2 scrolls of immolation
 y - 17 scrolls of identify
 E - 2 scrolls of brand weapon
 G - 3 scrolls of butterflies
 R - 3 scrolls of magic mapping
Potions
 c - 2 potions of attraction
 g - 4 potions of magic {unknown}
 h - 8 potions of curing
 j - 2 potions of might {unknown}
 m - a potion of berserk rage {unknown}
 n - a potion of invisibility {unknown}
 o - 2 potions of mutation {unknown}
 p - 4 potions of flight {unknown}
 q - 5 potions of heal wounds {unknown}
 v - 2 potions of lignification {unknown}
 z - 7 potions of haste {unknown}
 B - 2 potions of brilliance {unknown}
 K - 2 potions of degeneration {unknown}
 S - a potion of cancellation {unknown}
 T - 3 potions of ambrosia {unknown}


   Skills:
 + Level 13.6 Fighting
 + Level 13.6 Axes
 + Level 13.3 Armour
 + Level 12.3 Dodging


You had 11 spell levels left.
You didn't know any spells.
Your spell library was empty.

Dungeon Overview and Level Annotations

Branches:
Dungeon (11/15)            Temple (0/1) D:5            Lair (3/5) D:9
 Shoals (0/4) Lair:2       Spider (0/4) Lair:2          Orc (0/2) D:10
  Sewer (visited)         Ossuary (visited)

Altars:
Cheibriados
Fedhas
Gozag
Hepliaklqana
Makhleb
Okawaru
Qazlal
Trog
Uskayaw
Vehumet
The Shining One

Shops:
D:10 [

Portals:
Trove: D:10 (give 14 potions of heal wounds)

Annotations:
Lair:3 Nessos


Innate Abilities, Weirdness & Mutations

You have a pair of horns on your head.
You reflexively headbutt those who attack you in melee.


Message History

* * * LOW HITPOINT WARNING * * *
* * * LOW HITPOINT WARNING * * *
You feel very sick.
Nessos shoots an arrow.
The arrow misses you.
You feel better.
Nessos gestures wildly while chanting.
Nessos blinks!
Unknown command.
You're still recovering from your berserk rage.
Nessos seems to regain their courage.
Nessos unwields a +2 longbow of flaming.
It stops flaming.
Nessos hits you but does no damage. Nessos kicks you but does no damage.
Nessos intently looks at you, slowly moving their tail.
Nessos misses you. You furiously retaliate!
You headbutt Nessos. Nessos kicks you but does no damage.
You completely miss Nessos. You headbutt Nessos!
Nessos is lightly wounded.
Nessos hits you!
* * * LOW HITPOINT WARNING * * *
Nessos kicks you but does no damage. Nessos hits you but does no damage.
Nessos kicks you.
* * * LOW HITPOINT WARNING * * *
Your +2 broad axe of freezing stops glowing.
Your +0 battleaxe of venom begins to drip with poison!
a - a +0 battleaxe of venom (weapon)
Nessos completely misses you. Nessos closely misses you.
Unknown command.
You hit Nessos.
Nessos is poisoned.
You headbutt Nessos.
Nessos is moderately wounded.
Nessos mumbles some strange words.
Nessos blinks!
Nessos wields a +2 longbow of flaming.
It bursts into flame!
Nessos shoots an arrow.
The arrow hits you.
* * * LOW HITPOINT WARNING * * *
The arrow burns you.
* * * LOW HITPOINT WARNING * * *
You feel better.
Unknown command.
Nessos shoots an arrow.
The arrow hits you!!
You die...

###.....### #P.....##
#####....## ##.P##...
#.P##.....# ####....
.........## #....
........## #....
........# ##...
........## #### #####...
.........####PP###.#.....
.##.....@.c..............
#.......................
#............†..........
##...........†..........
#.###.P..##............
## ####.####.####P....
### ### ###... ##P...
#.....


You could see Nessos (very poisoned).

Vanquished Creatures
  Gastronok (Lair:1)
  4 hydras
  A boulder beetle (D:11)
  2 two-headed ogres
  4 elephants (Lair:2)
  5 torpor snails (Lair:2)
  4 cane toads
  A black mamba (Lair:1)
  Maggie (D:7)
  2 unseen horrors (D:10)
  5 komodo dragons
  3 trolls
  A meliai (Lair:2)
  5 blink frogs (Lair:2)
  5 polar bears
  2 shadows (D:11)
  A wraith (D:9)
  15 yaks
  A vampire (D:8)
  6 basilisks
  A wyvern (D:9)
  2 steam dragons
  7 water moccasins
  2 acid dragons
  A black bear (Lair:2)
  3 orc warriors
  A sky beast (D:6)
  4 ogres
  2 centaurs
  11 wolves
  11 bullfrogs
  7 kobold brigands
  2 scorpions
  9 wights
  34 killer bees
  3 howler monkeys
  A hound (D:5)
  7 orc priests
  A gnoll bouda (D:6)
  2 iguanas (D:5)
  12 orc wizards
  8 mummies (Ossuary)
  8 gnolls
  14 adders
  2 river rats
  A shadow imp (D:5)
  2 white imps (D:7)
  An ufetubus (D:5)
  7 worms
  A dart slug (D:1)
  40 orcs
  4 bats
  13 endoplasms
  4 giant cockroaches
  A gnoll zombie (Ossuary)
  4 goblins
  6 hobgoblins
  2 jackals (D:4)
  5 quokkas
  17 ball pythons
  A frilled lizard (D:3)
  3 hobgoblin zombies (Ossuary)
  15 kobolds
  2 kobold zombies (Ossuary)
  2 orc zombies (Ossuary)
  9 rats
364 creatures vanquished.

Vanquished Creatures (others)
  8 fungi
  18 plants
26 creatures vanquished.

Grand Total: 390 creatures vanquished

Notes
Turn   | Place    | Note
-------+----------+-------------------------------------------
     0 | D:1      | LLlMATKO the Minotaur Berserker began the quest for the
                  | Orb.
     0 | D:1      | Reached XP level 1. HP: 19/19 MP: 0/0
   370 | D:1      | Reached XP level 2. HP: 27/27 MP: 1/1
   954 | D:2      | Reached XP level 3. HP: 33/33 MP: 2/2
  1149 | D:2      | Noticed an ogre
  1153 | D:2      | Killed an ogre
  1154 | D:2      | Reached XP level 4. HP: 40/41 MP: 3/3
  1154 | D:2      | Reached XP level 5. HP: 46/47 MP: 4/4
  1388 | D:2      | Reached ** piety under Trog
  1954 | D:3      | Reached skill level 5 in Fighting
  1968 | D:3      | Reached skill level 5 in Axes
  2111 | D:3      | Found a bloodstained altar of Trog.
  2478 | D:3      | Found a glowing golden altar of the Shining One.
  2566 | D:3      | Found a faded altar of an unknown god.
  2765 | D:4      | Reached XP level 6. HP: 56/56 MP: 5/5
  3021 | D:4      | Found a hide-covered altar of Uskayaw.
  3023 | D:4      | Found a snail-covered altar of Cheibriados.
  3173 | D:4      | Found a sand-covered staircase.
  3180 | Ossuary  | Entered an ossuary
  3251 | Ossuary  | Reached XP level 7. HP: 24/62 MP: 6/6
  3253 | Ossuary  | Reached skill level 5 in Armour
  3722 | D:5      | Entered Level 5 of the Dungeon
  3734 | D:5      | You fall into a shaft and drop 1 floor!
  3772 | D:6      | Reached *** piety under Trog
  3794 | D:6      | Found a glowing drain.
  3807 | Sewer    | Entered a sewer
  4050 | Sewer    | Reached skill level 5 in Dodging
  4600 | D:5      | Reached XP level 8. HP: 71/71 MP: 7/7
  4668 | D:5      | Found a staircase to the Ecumenical Temple.
  4688 | D:5      | Reached **** piety under Trog
  4775 | D:5      | Reached XP level 9. HP: 81/81 MP: 8/8
  4794 | D:5      | Found a radiant altar of Vehumet.
  4919 | D:5      | Found a large runed translucent door.
  4922 | D:5      | Found a large runed translucent door.
  5154 | D:5      | Found a hazy altar of Hepliaklqana.
  5164 | D:5      | Found an opulent altar of Gozag.
  5496 | D:6      | Paralysed by a gnoll for 5 turns
  6253 | D:7      | Noticed Maggie
  6265 | D:7      | Killed Maggie
  6431 | D:7      | Found an iron altar of Okawaru.
  6431 | D:7      | Found a burning altar of Makhleb.
  7213 | D:8      | Found a stormy altar of Qazlal.
  7354 | D:8      | Reached XP level 10. HP: 91/91 MP: 9/9
  8489 | D:9      | Noticed a two-headed ogre
  8502 | D:9      | Killed a two-headed ogre
  8503 | D:9      | Reached skill level 10 in Fighting
  8622 | D:9      | Reached skill level 10 in Axes
  8723 | D:9      | Reached skill level 10 in Armour
  9134 | D:9      | Reached ***** piety under Trog
  9560 | D:9      | Reached XP level 11. HP: 97/101 MP: 10/10
  9598 | D:9      | Found a staircase to the Lair.
  9627 | D:9      | Found a staircase to the Lair.
 10428 | D:10     | Entered Level 10 of the Dungeon
 10513 | D:10     | Found a staircase to the Orcish Mines.
 10803 | D:10     | Reached skill level 10 in Dodging
 10893 | D:10     | Found Qapsu's Armour Shop.
 10896 | D:10     | Bought a +2 pair of boots for 280 gold pieces
 11075 | D:10     | Found a portal to a secret trove of treasure.
 11389 | D:11     | Noticed an eight-headed hydra
 11407 | D:11     | Killed a 15-headed hydra
 11548 | D:11     | Noticed a boulder beetle
 11574 | D:11     | Killed a boulder beetle
 11620 | D:11     | Noticed a two-headed ogre
 11629 | D:11     | Killed a two-headed ogre
 11687 | D:11     | Noticed a two-headed ogre
 11688 | D:11     | Noticed a six-headed hydra
 11688 | D:11     | Noticed a tengu warrior
 11828 | Lair:1   | Entered Level 1 of the Lair of Beasts
 11879 | Lair:1   | Noticed Gastronok
 11891 | Lair:1   | Killed Gastronok
 11984 | Lair:1   | You fall into a shaft and drop 1 floor!
 12021 | Lair:2   | Found a hole to the Spider Nest.
 12026 | Lair:2   | Reached XP level 12. HP: 105/113 MP: 11/11
 12124 | Lair:1   | Received a gift from Trog
 12126 | Lair:1   | Found a blossoming altar of Fedhas.
 13005 | Lair:2   | Found a snail-covered altar of Cheibriados.
 13095 | Lair:2   | Found a staircase to the Shoals.
 13113 | Lair:2   | Noticed a six-headed hydra
 13121 | Lair:2   | Killed an 11-headed hydra
 13530 | Lair:3   | Noticed a six-headed hydra
 13538 | Lair:3   | Killed a nine-headed hydra
 13557 | Lair:3   | Noticed a seven-headed hydra
 13748 | Lair:3   | Killed an 11-headed hydra
 14018 | Lair:3   | Noticed Nessos
 14032 | Lair:3   | HP: 5/115 [poisoned by Nessos]
 14039 | Lair:3   | Shot with an arrow by Nessos

Illustrated notes

Levels and vault maps discovered:
D:1:      dpeg_arrival_shelter, layout_loops_corners
D:2:      layout_loops_ring
D:3:      layout_loops_ring, lemuel_round_altar, tso_altar,
          dilly_ecumenical_altar_fadedgnrine, minmay_quantized
D:4:      layout_cave_pools, mainiacjoe_overflow_catwalk_spiral,
          chequers_ossuary_entry_cave
D:5:      layout_rooms, vehumet_altar_wand_db, jmf_multi_god_temple2,
          minmay_temple_entry_arrows, corner_web_ring, minmay_statues_item
D:6:      layout_layer_cave, portal_sewer_entry_e, hangedman_decor_peaks_small
D:7:      layout_cave_pods, gammafunk_temple_overflow_statue, uniq_maggie
D:8:      layout_layer_cave, grunt_qazlal_sundering, lightli_orcish_oven
D:9:      layout_stronghold, erik_lair_dragon, serial_bayou_pond_e
D:10:     layout_long_grid, david_orc_2, serial_shops, kennysheep_mini_moat,
          enter_trove_3
D:11:     minmay_the_grid_octo_tiled_octocenter_mashed
          [minmay_the_grid_octo_tetromino_candy, minmay_the_grid_octo_77,
          minmay_the_grid_octo_fat_diamond, minmay_the_grid_octo_focus,
          minmay_the_grid_octo_prize_ultimate_mussel_roller,
          minmay_the_grid_square_5x5_corner, minmay_the_grid_square_5x5_percent,
          minmay_the_grid_square_5x5_checkered,
          minmay_the_grid_square_5x5_two_small], layout_cave_pools
Lair:1:   layout_cave_shapes, basic_altar, serial_bayou_pond_d,
          chequers_serial_rivers_micro_c, uniq_gastronok
Lair:2:   layout_roguey, elwin_shoals_entry_rocks,
          hellmonk_spider_entry_not_the_bees, kennysheep_snail_temple
Lair:3:   layout_cellular_growth, gammafunk_ghost_ooze,
          cheibrodos_lair_lostbears, uniq_nessos

Skill      XL: |  1  2  3  4  5  6  7  8  9 10 11 12 |
---------------+-------------------------------------+-----
Fighting       | 4 5 6 8 9 10 12 13 | 13.6
Axes           | 4 5 6 8 9 10 12 13 | 13.6
Armour         | 3 4 6 7 9 10 12 13 | 13.3
Dodging        | 3 4 5 6 8 9 11 12 | 12.3

Action                   |  1- 3 |  4- 6 |  7- 9 | 10-12 || total
-------------------------+-------+-------+-------+-------++-------
Melee: Hand axe          |    52 |   135 |   226 |   267 ||   680
       Headbutt          |     9 |    21 |    47 |   145 ||   222
       Punch             |     1 |       |       |     6 ||     7
       Battleaxe         |       |       |    34 |   153 ||   187
       War axe           |       |       |    29 |       ||    29
       Broad axe         |       |       |       |   166 ||   166
Throw: Javelin           |       |     4 |       |       ||     4
       Stone             |       |     1 |       |       ||     1
Invok: Berserk           |     2 |     5 |     5 |    11 ||    23
  Use: Scroll            |       |     8 |     2 |    12 ||    22
       Potion            |       |       |       |     3 ||     3
Armor: Animal skin       |     9 |       |       |       ||     9
       Ring mail         |     8 |    37 |       |       ||    45
       Scale mail        |       |    18 |     6 |       ||    24
       Chain mail        |       |       |   136 |       ||   136
       Plate armour      |       |       |    12 |   431 ||   443
Dodge: Dodged            |    26 |    78 |   170 |   526 ||   800
